 Dungeon Crawl Stone Soup version 0.29.0-13-gc9e81de378 (webtiles) character file.

Game seed: 1780202789521959830

2218 Ordine the Covert (level 9, -3/48 HPs)
             Began as a Kobold Enchanter on Sept 10, 2022.
             Slain by Flesh177's ghost (9 damage)
             ... on level 5 of the Dungeon.
             The game lasted 00:20:25 (6669 turns).

Ordine the Covert (Kobold Enchanter)                Turns: 6669, Time: 00:20:25

Health: -3/48      AC: 11    Str:  3 (5)  XL:     9   Next: 61%
Magic:  14/15      EV: 15    Int: 20      God:
Gold:   361        SH:  0    Dex: 16      Spells: 10/16 levels left

rFire   . . .      SeeInvis .   a - +1 dagger (venom)
rCold   . . .      Faith    .   (no shield)
rNeg    . . .      Spirit   .   B - +2 robe {Will+}
rPois   .          Reflect  .   d - +0 helmet
rElec   .          Harm     .   o - +0 cloak
rCorr   .          Rampage  .   r - +1 pair of gloves
Will    +....                   (no boots)
Stlth   +++++.....              f - amulet of magic regeneration
HPRegen 0.16/turn               s - +4 ring of protection
MPRegen 0.54/turn               t - ring of wizardry

@: confusing by touch, flying, hasted, very quick
A: small, no large weapons, nightstalker 3, hooves 1, deformed body,
deterioration 1, noise suppression
a: no special abilities


You were on level 5 of the Dungeon.
You visited 1 branch of the dungeon, and saw 6 of its levels.

You collected 361 gold pieces.

Inventory:

Hand Weapons
 a - a +1 dagger of venom (weapon)
Missiles
 i - 11 poisoned darts
 k - 4 atropa-tipped darts (quivered)
 v - a throwing net
 z - 3 curare-tipped darts
Armour
 d - a +0 helmet (worn)
 o - a +0 cloak (worn)
 r - a +1 pair of gloves (worn)
 y - the +18 Lear's hauberk
   (You found it on level 5 of the Dungeon)
 B - a +2 robe of willpower (worn)
Jewellery
 f - an amulet of magic regeneration (around neck)
 s - a +4 ring of protection (left hand)
 t - a ring of wizardry (right hand)
 A - a +4 ring of evasion
Scrolls
 e - 3 scrolls of immolation
 p - 3 scrolls of fear
 w - a scroll of teleportation {unknown}
 x - a scroll of blinking {unknown}
 C - a scroll of poison {unknown}
Potions
 g - a potion of curing
 j - a potion of mutation
 l - a potion of attraction {unknown}
 m - a potion of berserk rage {unknown}
 n - a potion of haste
 q - 2 potions of heal wounds
 u - a potion of brilliance {unknown}
 D - 2 potions of ambrosia {unknown}


   Skills:
 + Level 1.7 Fighting
 + Level 9.4 Short Blades
 + Level 3.2 Dodging
 - Level 10.0 Stealth
 - Level 4.0 Spellcasting
 + Level 6.7 Hexes


You had 10 spell levels left.
You knew the following spells:

 Your Spells              Type           Power      Damage    Failure   Level
a - Ensorcelled Hibernat  Hex/Ice        34%        N/A       1%          2
b - Confusing Touch       Hex            31%        N/A       1%          3
c - Apportation           Tloc           8%         N/A       5%          1

Your spell library contained the following spells:

 Spells                   Type           Power      Damage    Failure   Level
 Tukima's Dance           Hex            31%        N/A       1%          3
 Dazzling Flash           Conj/Hex       34%        N/A       4%          3
 Summon Guardian Golem    Hex/Summ       17%        N/A       4%          3
 Alistair's Intoxication  Tmut/Pois      2%         N/A       77%         5
 Orb of Destruction       Conj           2%         9d5       100%        7
 Spellforged Servitor     Conj/Summ      2%         N/A       100%        7


Dungeon Overview and Level Annotations

Branches:
Dungeon (6/15)
 Temple: D:4-7

Altars:

Annotations:
D:5 Flesh177's ghost, novice MeFi


Innate Abilities, Weirdness & Mutations

You are small and have problems with some larger weapons.
You are completely attuned to the shadows.
You have large cloven feet.
Armour fits poorly on your strangely shaped body.
Your body sometimes deteriorates upon taking damage.
You passively dampen the noise of your surroundings.


Message History

Flesh177's ghost hits you but does no damage.
You hit Flesh177's ghost but do no damage.
Your kick misses Flesh177's ghost.
Flesh177's ghost is moderately damaged.
You hit Flesh177's ghost but do no damage.
Flesh177's ghost is moderately damaged.
Flesh177's ghost hits you.
You hit Flesh177's ghost but do no damage.
Your kick misses Flesh177's ghost.
Flesh177's ghost is moderately damaged.
Flesh177's ghost barely misses you.
You hit Flesh177's ghost but do no damage.
You kick Flesh177's ghost, but do no damage.
Flesh177's ghost is moderately damaged.
You hit Flesh177's ghost.
Flesh177's ghost is moderately damaged.
Flesh177's ghost hits you!
You hit Flesh177's ghost but do no damage.
You kick Flesh177's ghost, but do no damage.
Flesh177's ghost is moderately damaged.
Casting: Ensorcelled Hibernation (safe; 1% risk of failure)
Confirm with . or Enter, or press ? or * to list all spells.
Your hands begin to glow red.
Flesh177's ghost barely misses you.
You hit Flesh177's ghost but do no damage.
Flesh177's ghost is moderately damaged.
You flicker back into view.
Flesh177's ghost misses you.
You hit Flesh177's ghost but do no damage.
You kick Flesh177's ghost, but do no damage.
Flesh177's ghost is moderately damaged.
You hit Flesh177's ghost but do no damage.
You kick Flesh177's ghost, but do no damage.
Flesh177's ghost is moderately damaged.
Flesh177's ghost hits you!
* * * LOW HITPOINT WARNING * * *
Your body deteriorates!
You feel weakened.
Unknown command.
It was a potion of haste.
You feel yourself speed up. Flesh177's ghost hits you!
You die...

####.#...........# #.#
#................# ###.#
#.##.#.......##########.#.####
#.##.#.......# #............#
#.##.#.......####.#####.#.##.#
#.##.#..................#....#
#.##.#........#.........#..######
..............#.#...............#
...!............@..............##
.....#........#..W.........###.#
..##.#+######.#...########## #.#
..##.......##.#...##### #.#
..........[...........# #.#
.................####.# #.#
.....#'####...#..# #.# #.#
.....#.# #>..#..# #.# #.#
.....#.####...#..# #.########.#


You could see Flesh177's ghost.

Vanquished Creatures
  Pikel (D:6)
  A wraith (D:5)
  Edmund (D:5)
  A water moccasin (D:6)
  2 black bears
  4 centaurs (D:6)
  4 lemures
  A phantom (D:5)
  2 necrophages
  3 scorpions (D:5)
  3 hounds
  A jelly (D:5)
  An orc priest (D:6)
  An iguana (D:6)
  An orc wizard (D:4)
  11 gnolls
  7 adders
  2 white imps (D:6)
  An ufetubus (D:5)
  4 worms
  4 dart slugs
  19 orcs
  5 bats
  7 endoplasms
  7 giant cockroaches
  6 goblins
  5 hobgoblins
  10 jackals
  3 quokkas
  9 ball pythons
  3 frilled lizards
  7 kobolds
  23 rats
160 creatures vanquished.

Vanquished Creatures (collateral kills)
  2 orcs (D:6)
2 creatures vanquished.

Grand Total: 162 creatures vanquished

Notes
Turn   | Place    | Note
-------+----------+-------------------------------------------
     0 | D:1      | Ordine the Kobold Enchanter began the quest for the Orb.
     0 | D:1      | Reached XP level 1. HP: 10/10 MP: 3/3
   104 | D:1      | Reached XP level 2. HP: 15/15 MP: 5/5
   157 | D:1      | Found a faded altar of an unknown god.
   232 | D:1      | Learned a level 2 spell: Ensorcelled Hibernation
   474 | D:1      | Reached XP level 3. HP: 13/19 MP: 6/6
   661 | D:1      | Reached skill level 5 in Stealth
  1426 | D:2      | Reached XP level 4. HP: 24/24 MP: 7/7
  1915 | D:2      | Reached skill level 6 in Stealth
  1915 | D:2      | Reached XP level 5. HP: 28/28 MP: 8/8
  2729 | D:3      | Learned a level 3 spell: Confusing Touch
  2870 | D:3      | Noticed a black bear
  3005 | D:3      | Killed a black bear
  3006 | D:3      | Reached XP level 6. HP: 31/32 MP: 4/10
  3477 | D:4      | Reached skill level 5 in Short Blades
  3738 | D:4      | Reached skill level 7 in Stealth
  3738 | D:4      | Reached XP level 7. HP: 19/35 MP: 11/11
  4343 | D:5      | Entered Level 5 of the Dungeon
  4477 | D:5      | Noticed Edmund
  4479 | D:5      | Killed Edmund
  4516 | D:5      | Noticed a wraith
  4532 | D:5      | Reached skill level 8 in Stealth
  4532 | D:5      | Reached XP level 8. HP: 41/41 MP: 12/14
  4659 | D:5      | Killed a wraith
  4660 | D:5      | Reached skill level 5 in Hexes
  4974 | D:5      | Reached skill level 9 in Stealth
  5100 | D:5      | Found the +18 Lear's hauberk
  5161 | D:5      | Learned a level 1 spell: Apportation
  5738 | D:6      | Found a runed translucent gate.
  5849 | D:6      | Noticed Pikel
  5888 | D:6      | Reached XP level 9. HP: 45/45 MP: 13/15
  5965 | D:6      | Killed Pikel
  5966 | D:6      | Reached skill level 10 in Stealth
  6187 | D:6      | Reached skill level 1 in Fighting
  6362 | D:6      | Found a runed translucent gate.
  6363 | D:6      | Found a runed translucent gate.
  6522 | D:6      | Noticed Flesh177's ghost (novice MeFi)
  6652 | D:5      | Gained mutation: Your body sometimes deteriorates upon
                  | taking damage. [potion of mutation]
  6652 | D:5      | Gained mutation: Armour fits poorly on your strangely
                  | shaped body. [potion of mutation]
  6652 | D:5      | Gained mutation: You have large cloven feet. [potion of
                  | mutation]
  6652 | D:5      | Gained mutation: You passively dampen the noise of your
                  | surroundings. [potion of mutation]
  6669 | D:5      | Slain by Flesh177's ghost

Illustrated notes

Levels and vault maps discovered:
D:1:      dpeg_arrival_shrine, layout_loops_cross, basic_ecumenical_altar,
          minmay_heptomino_o4
D:2:      layout_loops_ring, eino_tiny_chamber
D:3:      layout_loops_cross, minmay_rat_hole
D:4:      layout_rooms
D:5:      minmay_clustersquares, layout_basic, uniq_edmund
D:6:      layout_cave_pools, biasface_ghost_orc_armoury, uniq_pikel

Skill      XL: |  1  2  3  4  5  6  7  8  9 |
---------------+----------------------------+-----
Short Blades   | 2 3 4 5 6 7 9 |  9.4
Stealth        | 5 6 7 8 9 10 | 10.0
Spellcasting   | 3 4 |  4.0
Hexes          | 4 5 6 |  6.7
Fighting       | 1 |  1.7
Dodging        | 3 |  3.2

Action                   |  1- 3 |  4- 6 |  7- 9 || total
-------------------------+-------+-------+-------++-------
Melee: Dagger            |    69 |   133 |   127 ||   329
       Kick              |       |       |     5 ||     5
 Cast: Ensorcelled Hiber |     3 |    41 |    46 ||    90
       Confusing Touch   |       |       |     5 ||     5
  Use: Scroll            |       |     5 |     4 ||     9
       Potion            |       |     1 |     9 ||    10
 Stab: Sleeping          |    23 |    36 |    54 ||   113
       Confused          |       |       |     3 ||     3
Armor: Robe              |    12 |    23 |    34 ||    69
Dodge: Dodged            |    32 |    82 |    62 ||   176
